 Dungeon Crawl Stone Soup version 0.21.1-1-g345015f (webtiles) character file.

506 Fang the Chopper (level 7, -1/44 HPs)
             Began as a Gargoyle Berserker on May 14, 2018.
             Was a Priest of Trog.
             Killed by divine providence
             ... invoked by an orc priest
              (16 damage)
             ... on level 4 of the Dungeon.
             The game lasted 00:04:04 (2266 turns).

Fang the Chopper (Gargoyle Berserker)               Turns: 2266, Time: 00:04:06

Health: -1/44      AC:  7    Str: 22    XL:     7   Next: 18%
Magic:  7/7        EV: 13    Int:  8    God:    Trog [***...]
Gold:   121        SH:  0    Dex: 10    Spells: 6/6 levels left

rFire    . . .     SeeInvis .   a - +0 hand axe
rCold    . . .     Gourm    .   (no shield)
rNeg     + . .     Faith    .   b - +0 animal skin
rPois    ∞         Spirit   .   (no helmet)
rElec    +         Reflect  .   (no cloak)
rCorr    .         Harm     .   (no gloves)
MR       .....                  (no boots)
Stlth    ++........             e - amulet of regeneration
HPRegen  0.54/turn              m - -2 ring of dexterity (curse)
MPRegen  0.10/turn              l - +3 ring of dexterity

@: berserk cooldown, slowed, very slow
A: negative energy resistance 1, electricity resistance, unbreathing,
petrification resistance, rot immunity, AC +4
a: Berserk, Trog's Hand, Burn Spellbooks, Renounce Religion


You were on level 4 of the Dungeon.
You worshipped Trog.
Trog was most pleased with you.
You were hungry.

You visited 1 branch of the dungeon, and saw 4 of its levels.

You collected 121 gold pieces.

Inventory:

Hand Weapons
 a - a +0 hand axe (weapon)
Armour
 b - a +0 animal skin (worn)
Jewellery
 e - an amulet of regeneration (around neck)
 f - an uncursed ring of protection from magic
 l - a +3 ring of dexterity (right hand)
 m - a cursed -2 ring of dexterity (left hand)
Wands
 k - a wand of acid (10)
 p - a wand of flame (20)
Scrolls
 g - 3 scrolls of identify
 o - 2 scrolls of remove curse
 q - a scroll of fear {unknown}
 r - a scroll of fog {unknown}
Potions
 h - a potion of lignification
 i - 2 potions of might
 j - a potion of magic
 n - a potion of curing
Comestibles
 c - 8 rations


   Skills:
 + Level 4.7 Fighting
 + Level 5.6 Axes
 + Level 2.3 Armour
 + Level 3.1 Dodging
 + Level 1.6 Stealth


You had 6 spell levels left.
You didn't know any spells.

Dungeon Overview and Level Annotations

Branches:
Dungeon (4/15)
 Temple: D:4-7

Altars:
Trog


Innate Abilities, Weirdness & Mutations

You are resistant to torment.
Your stone body is resilient. (AC +4)
You are immune to poison.
You resist negative energy. (rN+)
You are resistant to electric shocks. (rElec)
You can survive without breathing.
You are immune to petrification.
You are immune to rotting.


Message History

You slash the orc priest!
The orc priest is heavily wounded.
The orc priest misses you.
You barely miss the orc priest.
The orc priest is heavily wounded.
The orc priest hits you with a war axe!
You closely miss the orc priest.
The orc priest is heavily wounded.
The orc priest hits you but does no damage.
The orc priest hits you with a war axe.
You hit the orc priest.
The orc priest is severely wounded.
The orc priest hits you but does no damage.
You hit the orc priest.
The orc priest is severely wounded.
The orc priest mumbles some strange prayers to Beogh against you.
Beogh smites you!
The orc priest calls down the wrath of Beogh upon you.
Beogh smites you!
You die...

....... .......
....... #########
....... #........#
....... #........#
....... #........#
......)###........#
......)@†'........#
......o###........#
....... #........#
....... #......÷.#
....... #........##
....... #.........#
.......
#...####''####
.......
#####........#
#.≈≈.§§≈.#


You could see an orc priest.

Vanquished Creatures
  An orc warrior (D:3)
  The ghost of Gaia the Bolt Thrower, an amateur DrHu (D:3)
  A scorpion (D:4)
  3 orc priests
  An orc wizard (D:3)
  A bullfrog skeleton (D:4)
  4 adders
  An ooze (D:1)
  2 dart slugs (D:2)
  2 leopard geckos
  9 orcs
  6 giant cockroaches
  5 goblins
  6 hobgoblins
  8 jackals
  4 quokkas
  2 ball pythons (D:2)
  4 bats
  4 frilled lizards
  A jackal skeleton (D:4)
  6 kobolds
  A quokka skeleton (D:4)
  6 rats
79 creatures vanquished.

Notes
Turn   | Place    | Note
-------+----------+-------------------------------------------
     0 | D:1      | Fang the Gargoyle Berserker began the quest for the Orb.
     0 | D:1      | Reached XP level 1. HP: 14/14 MP: 1/1
   110 | D:1      | Reached XP level 2. HP: 18/19 MP: 2/2
   304 | D:1      | Reached skill level 3 in Axes
   561 | D:1      | Reached XP level 3. HP: 24/24 MP: 3/3
   668 | D:2      | Reached ** piety under Trog
   832 | D:2      | Reached XP level 4. HP: 24/29 MP: 4/4
  1314 | D:3      | Noticed Gaia's ghost (amateur DrHu)
  1324 | D:3      | Killed Gaia's ghost
  1324 | D:3      | Reached skill level 4 in Axes
  1324 | D:3      | Reached XP level 5. HP: 33/33 MP: 5/5
  1412 | D:3      | Noticed an orc warrior
  1426 | D:3      | Killed an orc warrior
  1426 | D:3      | Reached skill level 5 in Axes
  1426 | D:3      | Reached XP level 6. HP: 39/39 MP: 6/6
  1499 | D:3      | Found a bloodstained altar of Trog.
  1664 | D:3      | Reached *** piety under Trog
  2243 | D:4      | Reached skill level 1 in Stealth
  2250 | D:4      | Reached XP level 7. HP: 25/44 MP: 7/7
  2266 | D:4      | Killed from afar by an orc priest

Skill      XL: |  1  2  3  4  5  6 |
---------------+-------------------+-----
Axes           | 3 4 5 |  5.6
Dodging        | 2 3 |  3.1
Fighting       | 4 |  4.7
Stealth        | 1 |  1.6
Armour         | |  2.3

Action                   |  1- 3 |  4- 6 |  7- 9 || total
-------------------------+-------+-------+-------++-------
Melee: Hand axe          |    80 |   150 |    15 ||   245
Invok: Berserk           |     1 |     4 |       ||     5
  Use: Scroll            |       |     6 |       ||     6
       Potion            |       |       |     1 ||     1
 Stab: Sleeping          |       |     4 |       ||     4
  Eat: Chunk             |       |     8 |       ||     8
Armor: Animal skin       |    29 |    41 |     7 ||    77
Dodge: Dodged            |    55 |   113 |    14 ||   182
